Cogmind - Beta 15 @@@ ROGUE MODE // 2025.09.07 @ 16:24:14 Player: potator Result: Self-destructed Performance ------------- Evolutions (1) 500 Regions Visited (2) 400 Robots Destroyed (31) 155 Value Destroyed (723) 723 Prototype IDs (0) 0 Alien Tech Used (0) 0 Bonus (0) 0 TOTAL SCORE: 1778 Bonus ------- None Cogmind --------- Core Integrity 241/400 Matter 156/300 Energy 250/250 System Corruption 0% Temperature Cool (0) Movement Treading (160) Location -9/Materials Parts ------- > --- POWER (1) -------- Ion Engine > --- PROPULSION (2) --- Improved Treads Improved Treads > --- UTILITY (4) ------ Small Storage Unit Sensor Array Seismic Detector > --- WEAPON (2) ------- Heavy Assault Rifle Heavy Assault Rifle > --- INVENTORY (8) ---- Light Ion Engine Improved Treads Improved Treads Heavy Assault Rifle Heavy Assault Rifle Grenade Launcher Datajack Peak State ------------ > --- POWER ------------ Ion Engine > --- PROPULSION ------- Improved Treads Improved Treads > --- UTILITY ---------- Small Storage Unit Sensor Array Seismic Detector > --- WEAPON ----------- Heavy Assault Rifle Heavy Assault Rifle > --- INVENTORY -------- Light Ion Engine Improved Treads Improved Treads Heavy Assault Rifle Heavy Assault Rifle Grenade Launcher Datajack [Rating: 13] Favorites ----------- Power Ion Engine Engine Ion Engine Propulsion Light Treads Treads Light Treads Utility Small Storage Unit Device Seismic Detector Storage Small Storage Unit Weapon Heavy Assault Rifle Ballistic Gun Heavy Assault Rifle Launcher Grenade Launcher Special Melee Weapon Datajack Build | -11 -10 -9 ------- Run | Yrd Mat Mat Slots Evolved 2 | . . 2 Power . | . . . Propulsion . | . . . Utility 2 | . . 2 Weapon . | . . . Parts Attached 15 | 6 5 4 Power 1 | 1 . . Engine 1 | 1 . . Core . | . . . Reactor . | . . . Propulsion 4 | 2 . 2 Treads 4 | 2 . 2 Leg . | . . . Wheel . | . . . Hover . | . . . Flight . | . . . Utility 3 | 1 1 1 Device 2 | . 1 1 Storage 1 | 1 . . Processor . | . . . Hackware . | . . . Protection . | . . . Artifact . | . . . Weapon 7 | 2 4 1 Energy Gun . | . . . Energy Cannon . | . . . Ballistic Gun 5 | 2 3 . Ballistic Cannon . | . . . Launcher 1 | . . 1 Special Weapon . | . . . Impact Weapon . | . . . Slashing Weapon . | . . . Piercing Weapon . | . . . Special Melee Weapon 1 | . 1 . Unidentified Prototypes . | . . . Parts Lost . | . . . Power . | . . . Propulsion . | . . . Utility . | . . . Weapon . | . . . Highest Loss Streak . | . . . To Critical Strikes . | . . . Average Backups 4 | 4 3 6 Power . | . . 1 Propulsion . | . . 1 Utility . | . . . Weapon 2 | 1 2 3 Tool/Special . | . . . Unused Backups 4 | . . 4 Power 1 | . . 1 Propulsion 2 | . . 2 Utility . | . . . Weapon 1 | . . 1 Tool/Special . | . . . Average Slot Usage (%) 91 | . 92 88 Engine 13 | . 14 11 Treads 24 | . 25 22 Device 13 | . 9 22 Storage 13 | . 14 11 Ballistic Gun 25 | . 27 21 Peak Build Rating 13 | 6 9 13 Average Rating 9 | 1 8 12 On Entrance 5 | . 6 9 Naked Turns . | . . . Heaviest Build 18 | 14 17 18 Greatest Support 46 | 40 40 46 Greatest Overweight (x) . | . . . Average Overweight (x) . | . . . Largest Inventory Capacity 8 | 8 8 8 Average Capacity 7 | 5 8 8 Most Carried 7 | 5 7 7 Average Carried 4 | 4 3 6 Final Capacity 8 | 8 8 8 Final Carried 7 | . 6 7 Class Distribution -------------------- 100% | Mutant Dominant Class ---------------- Mutant | -10/Materials Mutant | -9/Materials Resources | -11 -10 -9 ----------- Run | Yrd Mat Mat Matter Collected 674 | 225 313 136 Remotely . | . . . Salvage Created 758 | . 307 451 Parts 60 | . 26 34 Haulers Intercepted . | . . . Recyclers Shooed . | . . . Parts Field Recycled . | . . . Retrieved Matter . | . . . Parts Self-Destructed . | . . . Prevented . | . . . Kills | -11 -10 -9 ------- Run | Yrd Mat Mat Combat Hostiles Destroyed 23 | . 9 14 Guns 19 | . 9 10 AOE 4 | . . 4 Classes Destroyed 5 | . 4 1 Worker 2 | . 1 1 Operator 1 | . . 1 Watcher 5 | . 3 2 Swarmer 9 | . 5 4 Grunt 14 | . 4 10 Best Kill Streak 5 | . 2 5 Combat Bots Only 4 | . 2 4 Max Kills in Single Turn 4 | . 2 4 Gunslinging . | . . . Exploded 3 | . . 3 Melee . | . . . Uniques/NPCs Destroyed . | . . . Combat | -11 -10 -9 -------- Run | Yrd Mat Mat Hostile Shots Fired 117 | . 62 55 Missed 37 | . 23 14 Hits 80 | . 39 41 Projectile 80 | . 39 41 Damage Taken 945 | . 408 537 Core 237 | . 78 159 Absorbed by Shields . | . . . Core Remaining (%) 84 | 100 68 . Volleys Fired 71 | . 39 32 Largest 2 | . 2 2 Hottest 53 | . 46 53 Shots Fired 140 | . 76 64 Gun 136 | . 76 60 Cannon . | . . . Launcher 4 | . . 4 Special . | . . . Kinetic 136 | . 76 60 Thermal . | . . . Explosive 4 | . . 4 Electromagnetic . | . . . Robot Hit Streak 7 | . 5 7 Robot Miss Streak 4 | . 4 2 Penetration Max . | . . . Secondary Targets 4 | . 2 2 Max Gunslinging Chain 1 | . 1 1 Shots Hit Robots 78 | . 41 37 Core Hits 39 | . 17 22 Critical Kills . | . . . Critical Parts Destroyed . | . . . Critical Strikes . | . . . Melee Attacks 1 | . 1 . Impact . | . . . Slashing . | . . . Piercing . | . . . Sneak Attacks . | . . . Combat Hostiles . | . . . Follow-up Attacks . | . . . Damage Inflicted 1693 | . 595 1098 Guns 1161 | . 595 566 Cannons . | . . . Explosions 532 | . . 532 Melee . | . . . Ramming . | . . . Kinetic 1161 | . 595 566 Thermal . | . . . Explosive 532 | . . 532 Electromagnetic . | . . . Impact . | . . . Slashing . | . . . Piercing . | . . . Highest Corruption . | . . . Average Corruption . | . . . Corruption Purged . | . . . Corruption Blocked . | . . . Overload Shots . | . . . Overflow Damage . | . . . Projectiles . | . . . Explosions . | . . . Melee . | . . . Knockbacks . | . . . Impact . | . . . Kinetic . | . . . Secondary . | . . . Self-Inflicted Damage 89 | . . 89 Shots 1 | . . 1 Rammed . | . . . Targets Rammed . | . . . Kicked . | . . . Crushed . | . . . Highest Temperature 9 | . 8 9 Average Temperature 3 | . 3 3 Received Heat Transfer 378 | . 168 210 Siege Activations . | . . . Martial Activations . | . . . Shielding Activations . | . . . Robots Disrupted . | . . . Combat Hostiles . | . . . Robots Corrupted . | . . . Combat Hostiles . | . . . Parts Fried . | . . . Impact Corruptions . | . . . Robots Melted . | . . . Combat Hostiles . | . . . Parts Melted . | . . . Heat Transferred . | . . . Parts Sabotaged . | . . . Parts Stolen . | . . . Parts Stripped . | . . . Power Chain Reactions . | . . . Alert | -11 -10 -9 ------- Run | Yrd Mat Mat Maximum Alert Level 1 | . . 1 Low Security (%) 98 | 100 100 94 Level 1 1 | . . 5 Level 2 . | . . . Level 3 . | . . . Level 4 . | . . . Level 5 . | . . . High Security . | . . . Max Security . | . . . Peak Influence 212 | . 70 212 Initial 11 | . . 11 Average 38 | . 13 94 Influence Increases 734 | . 282 452 Destroy 0b10 Robot/C 460 | . 180 280 Destroy 0b10 Robot/NC 40 | . 20 20 Destroy Leader 100 | . 46 54 Successful Hack 46 | . 20 26 Disable Machine 30 | . . 30 Destroy Structure 43 | . 1 42 Lose Combat Pursuer 15 | . 15 . Influence Decreases 530 | . 255 275 Entered New Map 16 | . . 16 Time Decay 514 | . 255 259 Squads Dispatched 3 | . 1 2 Investigation . | . . . Extermination . | . . . Reinforcement 3 | . 1 2 Assault . | . . . Garrison . | . . . Intercept . | . . . Searches Triggered . | . . . Construction Impeded . | . . . Haulers Reinforced . | . . . Active Scanning Responses . | . . . Cargo Convoy Interrupts . | . . . Stealth | -11 -10 -9 --------- Run | Yrd Mat Mat Distress Signals 1 | . 1 . Communications Jammed . | . . . Distress Signals . | . . . Times Spotted 37 | . 19 18 Peak Tracking Total 4 | . 4 3 Tactical Retreats 1 | . 1 . Traps | -11 -10 -9 ------- Run | Yrd Mat Mat Traps Triggered 1 | . 1 . Indirectly . | . . . Trap Hack Attempts . | . . . Triggered . | . . . Disarmed . | . . . Reprogrammed . | . . . Reused . | . . . Traps Extracted . | . . . Installed . | . . . Triggered . | . . . Machines | -11 -10 -9 ---------- Run | Yrd Mat Mat Machines Disabled 2 | . . 2 Max in Single Turn 2 | . . 2 Machines Repaired . | . . . Machines Dismantled . | . . . Machines Sabotaged . | . . . Overloaded Fab Kills . | . . . Hacking | -11 -10 -9 --------- Run | Yrd Mat Mat Machines Accessed 10 | . 7 3 Terminals 9 | . 6 3 Fabricators . | . . . Repair Stations 1 | . 1 . Recycling Units . | . . . Scanalyzers . | . . . Garrison Access . | . . . Total Hacks 13 | . 8 5 Successful 8 | . 4 4 Failed 5 | . 4 1 Catastrophic . | . . . Database Lockouts . | . . . Manual 2 | . 2 . Terminals 12 | . 7 5 Fabricators . | . . . Repair Stations 1 | . 1 . Recycling Units . | . . . Scanalyzers . | . . . Garrison Access . | . . . Terminal Hacks 8 | . 4 4 Record 1 | . . 1 Locate Traps 3 | . 2 1 Maintenance Status 1 | . 1 . Patrol Status 1 | . 1 . Registered Components 1 | . . 1 Zone Layout 1 | . . 1 Fabricator Hacks . | . . . Repair Station Hacks . | . . . Recycling Unit Hacks . | . . . Scanalyzer . | . . . Garrison Access Hacks . | . . . Unauthorized Hacks . | . . . Terminals . | . . . Fabricators . | . . . Repair Stations . | . . . Recycling Units . | . . . Scanalyzers . | . . . Garrison Access . | . . . Data Cores Recovered . | . . . Used . | . . . Hacking Detections 4 | . 3 1 Full Trace Events . | . . . Feedback Events . | . . . Feedback Blocked . | . . . Robot Schematics Acquired . | . . . Robots Built . | . . . Authchips . | . . . Time . | . . . Total Robot Build Rating . | . . . Part Schematics Acquired . | . . . Parts Built . | . . . Authchips . | . . . Time . | . . . Total Part Build Rating . | . . . Parts Repaired . | . . . Time . | . . . Parts Recycled . | . . . Recycled Matter . | . . . Retrieved Matter . | . . . Retrieved Components . | . . . Parts Scanalyzed . | . . . Part Schematics Acquired . | . . . Parts Damaged . | . . . Bothacking | -11 -10 -9 ------------ Run | Yrd Mat Mat Used RIF Installer . | . . . Robots Hacked 1 | . 1 . Non-combat 1 | . 1 . Combat . | . . . Robot Hacks Applied 1 | . 1 . parse_system 1 | . 1 . Relay Couplers Released . | . . . Fabnet Peak Effective % . | . . . Robots Rewired . | . . . Allies Hacked . | . . . Hacks Repelled . | . . . Allies | -11 -10 -9 -------- Run | Yrd Mat Mat Total Allies . | . . . Largest Group . | . . . Highest-Rated Group . | . . . Highest-Rated Ally . | . . . Total Orders . | . . . Ally Attacks . | . . . Total Damage . | . . . Kills . | . . . Allies Corrupted . | . . . Allies Melted . | . . . Intel | -11 -10 -9 ------- Run | Yrd Mat Mat Active Infowar (turns) 1970 | . 1186 784 Sensors 784 | . . 784 Seismic 1970 | . 1186 784 Robot Analysis Total . | . . . Derelict Logs Recovered . | . . . Drone Launches . | . . . Drone Recoveries . | . . . Exploration | -11 -10 -9 ------------- Run | Yrd Mat Mat Turns Passed 2518 | 50 1684 784 Spaces Moved 1112 | 31 736 345 Core 9 | 9 . . Treads 1103 | 22 736 345 Legs . | . . . Wheels . | . . . Hover . | . . . Flight . | . . . Fastest Speed 50 | 50 160 160 Average Speed 159 | 128 160 160 Slowest Speed 160 | 160 160 160 Overloaded Moves . | . . . Propulsion Burnouts . | . . . Robots Hopped . | . . . Potential Cave-ins . | . . . Cave-ins Triggered . | . . . Exploration Rate (%) 42 | 3 97 28 Regions Visited 2 Branch Regions . Pre-discovered Areas . | . . . Known Exits Taken . | . . . Unknown Exits Taken 2 | 1 1 . Scrap Searched . | . . . Spaces Dug . | . . . Terrain Destroyed 42 | . . 42 Melee . | . . . Projectile . | . . . AOE 42 | . . 42 Terrain Rammed . | . . . Walls Destroyed . | . . . Machines Disabled . | . . . Actions | -11 -10 -9 --------- Run | Yrd Mat Mat Total 1718 | 41 1165 512 Wait 496 | . 372 124 Move 1110 | 30 735 345 Hop . | . . . Pick Up 19 | 5 10 4 Fast Attach 1 | 1 . . Attach 8 | 5 2 1 Detach . | . . . Swap 8 | . 4 4 Drop 4 | . 2 2 Fire 71 | . 39 32 Melee 1 | . 1 . Ram . | . . . Kick . | . . . Crush . | . . . Escape Stasis . | . . . Rewire . | . . . Trap . | . . . Miscellaneous . | . . . Route ------- -11/Scrapyard -10/Materials (discovered 5 exits: *Mat x3 / [*Min x2]) -9/Materials (discovered 1 exit: [*Min]) History --------- Turn | Location | Event 5 | -11/Scrapyard | Discovered new exit (range 15) 51 | -11/Scrapyard | Entered Materials 304 | -10/Materials | Build established: Mutant 569 | -10/Materials | Discovered new exit (range 7) 696 | -10/Materials | Discovered new exit (range 12) 1097 | -10/Materials | Discovered new exit (range 9) 1266 | -10/Materials | Discovered new exit (range 16) 1499 | -10/Materials | Discovered new exit (range 7) 1735 | -10/Materials | Entered another Materials area 1735 | -9/Materials | Evolved 2 slots: Utility x2 2364 | -9/Materials | Discovered new exit (range 7) 2519 | -9/Materials | Self-destructed Last Messages --------------- 43V9CQOEA1: Hrd. Light Armor Plating 1I3NJ8WIIR: Lrg. Matter Pod Downloaded coordinate data. EXIT=FOUND O-16 Technician: "IFF HANDSHAKE FAILED. SECURING TERMINAL." O-16 Technician uses terminal to summon reinforcements. ALERT: Hostiles spotted, dispatching reinforcements to Terminal M011. O-16 Technician locks terminal. W-16 Scout destroyed. R-06 Scavenger collects Lgt. Ion Engine. G-34 Mercenary destroyed. U-05 Engineer destroyed. G-34 Mercenary destroyed. Switching to secondary target: G-34 Mercenary. K-01 Serf collects debris. G-34 Mercenary destroyed. K-01 Serf collects debris. Map ----- +----------------------------------------------------+ | ?????????????????????????????????????????###### | | ?????????????????????????????????????# | | ???????????????????????????????????????? ####### # | | ???????????????????????????????????????????????# # | | ???????????????????????????????????????????????# # | | ???????????????????????????????????????????????# # | | ?????????????????????????? ?????????????#####+# | | ??????????????????????????# #????????????# | | ??????????????????????????# #????????????# "T" | | ??????????????????????????# #????????????# | | ??????????????????????????# #????????????# | | ??????????????!???????????# #????????????# | | ?????????????? ??????????# #????????????# | | ????????????? ########## #??????????######+## | | ????????????? [ #??????????# | | ????????????# #?########## | | ????????????? """ #?#""|"|""## | | ????????????# * """ #?# "|"|" ## ##### | | ????????????# """ ### = ## #???? | | ????????????# ]]! !%! #???? | | ????????????+ ]]! = ? !< != #???? | | ????????????# ]!! =%* *%= #???? | | ??????????????????#######+# =### ##+####### | | ??????????????????????# # #?########## # | | ??????????????????????# T # #??????????# / | | ??????????????????????# @# #??????????# # | | ??????????????????????# # #??????????# # | | ??????????????????????# # #??????????# # | | ??????????????????????# # #??????????# # | | ??????????????????????# #? #??????????# # | | ??????????????????????##### #??????????# # | | ??????????????????????????#? #??????????# # | | ??????????????????????????# #??????????# %# | | ?????????????????????????? % #??????????# # | | ?????????????????????????? +??????????#####+### | | ?????????????????????????? #??????????????# #?? | | ??????????????????????????# ???????????????# #?? | | ?????????????????????????????????????????????# #?? | | ?????????????????????????????????????????????# #?? | | ????????????????????????????????????????????? ?? | | ????????????????????????????????????????????? ?? | | ????????????????????????????????????????????? ?? | | ?????????????????????????????????????????????###?? | | ?????????????????????????????????????????????????? | | ?????????????????????????????????????????????????? | | ?????????????????????????????????????????????????? | | ?????????????????????????????????????????????????? | | ?????????????????????????????????????????????????? | | ?????????????????????????????????????????????????? | | ?????????????????????????????????????????????????? | +----------------------------------------------------+ Best States ------------- Heat Dissipation 28 Energy Generation 10 Energy Capacity 250 Matter Stores 300 Matter Capacity 300 Sight Range 16 Robot Scan Range 14 Terrain Scan Density 10 Evasion (%) 50 Recoil Reduction 2 Item Schematics ----------------- None Robot Schematics ------------------ None Fabricated ------------ Nothing Repaired ---------- Nothing Alien Tech Used ----------------- None Achievements -------------- None Challenges ------------ None Game ------ Seed CryofiberForceRecalibrator Manual? 0 Play Time 00:19:09 Cumulative 19.8 hours Start 2025.09.07 @ 16:07:34 End 2025.09.07 @ 16:24:14 Sessions 1 Manual Loads 0 Difficulty Rogue Special Mode None Game No. 44 Rogue 44 Adventurer 0 Explorer 0 Win Type - Total 0 Types 0/0/0/0/0/0/0/0/0/0 Lore% 9 Gallery% 17 Achievement% 16 Wizard Run 0 Options --------- Layout 1 ASCII 0 Keyboard 0 Movement Mouse Keybinds 0 Fullscreen 2 Font 24/Smallcaps Map View 50x35 Zoom Use 0% Tactical HUD 0 Map Filters NONE Filters NONE Steam X RUN: 5b3c6f78-c50c-4f78-b37d-867c22748c5f